3AA
ATHLETIC CLUB KC ACADEMY @ BILLINGS POLAR BEARS
06/16/2042
 
TOP OF THE 1ST
Athletic Club KC Academy batting - Pitching for Billings Polar Bears : RHP Allen Brown
Pitching: RHP Allen Brown
Batting: RHB Daniel Hannaford 0-0: Ball
1-0: Called Strike
1-1: Ball
2-1: DOUBLE (Line Drive, 7LD, EV 111.2 MPH)
Batting: SHB Tosya Mndoyants 0-0: DOUBLE (Flyball, 89D, EV 110.0 MPH)
Daniel Hannaford scores
Batting: RHB Neal Lewis 0-0: SINGLE (Groundball, 56D, EV 110.6 MPH)
Tosya Mndoyants to third
Runner from 3rd tries for Home, SAFE, no throw by LF
Batting: RHB Tim Hendricks 0-0: Called Strike
0-1: DOUBLE (Flyball, 8LXD, EV 91.2 MPH)
Neal Lewis to third
Batting: LHB Carl Zimerman 0-0: Called Strike
0-1: SINGLE (Groundball, 34D, EV 94.4 MPH)
Neal Lewis scores
Tim Hendricks to third
Batting: SHB Ross Evans 0-0: Called Strike
0-1: Foul Ball, location: 2F
0-2: Foul Ball, location: 2F
0-2: Foul Ball, location: 3F, Error on foul ball, E3
0-2: Foul Ball, location: 2F
0-2: Fly out, F9 (Flyball, 89D, EV 90.0 MPH)
Runner from 3rd tags up, OUT at HOME! 9-2
Carl Zimerman to second
Batting: RHB Domingo Magana 0-0: Ball
1-0: Ball
2-0: Called Strike
2-1: Ground out 5-3 (Groundball, 56, EV 105.6 MPH)
Top of the 1st over - 3 runs, 5 hits, 1 error, 1 left on base; Athletic Club KC Academy 3 - Billings 0
BOTTOM OF THE 1ST
Billings Polar Bears batting - Pitching for Athletic Club KC Academy : RHP Bob Wheelock
Pitching: RHP Bob Wheelock
Batting: SHB Leonardo Rodríguez 0-0: Foul Ball, location: 2F
0-1: Foul Ball, location: 2F
0-2: Ball
1-2: Ball
2-2: Foul Ball, location: 2F
2-2: Foul Ball, location: 2F
2-2: Ground out 4-3 (Groundball, 4, EV 104.4 MPH)
Batting: RHB Danny Hensley 0-0: Called Strike
0-1: SINGLE (Line Drive, 9S, EV 97.5 MPH)
Batting: RHB Gary Panniers 0-0: Ball
1-0: Swinging Strike
1-1: Called Strike
Danny Hensley steals 2nd base
1-2: Foul Ball, location: 2F
1-2: Ball
2-2: Ball
3-2: Foul Ball, location: 2F
3-2: Foul Ball, location: 2F
3-2: Fly out, F2 (Popup, 5SF, EV 79.4 MPH)
Batting: RHB Rupert Bethune 0-0: Ball
1-0: Ball
2-0: Called Strike
2-1: Called Strike
2-2: Foul Ball, location: 2F
2-2: 2-RUN HOME RUN (Flyball, 89XD, EV 105.0 MPH), Distance : 415 ft
Batting: RHB Jose Reginalde 0-0: SINGLE (Line Drive, 8RM, EV 103.8 MPH)
Batting: LHB Stanley Bell 0-0: Ball
1-0: Foul Ball, location: 2F
1-1: Foul Ball, location: 2F
1-2: Foul Ball, location: 2F
1-2: Foul Ball, location: 2F
1-2: Ground out 4-3 (Groundball, 4S, EV 66.2 MPH)
Bottom of the 1st over - 2 runs, 3 hits, 0 errors, 1 left on base; Athletic Club KC Academy 3 - Billings 2
TOP OF THE 2ND
Athletic Club KC Academy batting - Pitching for Billings Polar Bears : RHP Allen Brown
Batting: RHB Mike Welch 0-0: Foul Ball, location: 2F
0-1: Ball
1-1: Ball
2-1: Swinging Strike
2-2: SINGLE (Line Drive, 7S, EV 88.1 MPH)
Batting: LHB Octávio Castaneda 0-0: Ball
1-0: Swinging Strike
1-1: SINGLE (Flyball, 89M, EV 90.6 MPH)
Mike Welch to second
Batting: RHB Daniel Hannaford 0-0: Swinging Strike
0-1: SINGLE (Groundball, 6MD, EV 95.0 MPH)
Mike Welch to third
Octávio Castaneda to second
Batting: SHB Tosya Mndoyants 0-0: Called Strike
0-1: Grounds into fielders choice 1-2 (Groundball, P, EV 83.8 MPH)
Octávio Castaneda to third
Daniel Hannaford to second
Batting: RHB Neal Lewis 0-0: DOUBLE (Groundball, 5L, EV 105.0 MPH)
Octávio Castaneda scores
Daniel Hannaford scores
Tosya Mndoyants to third
Runner from 3rd tries for Home, SAFE, throw by LF to trailing runner, SAFE at third!
Batting: RHB Tim Hendricks 0-0: Ball
1-0: Ball
2-0: Fly out, F7 (Flyball, 78S, EV 83.8 MPH)
Runner from 3rd tags up, OUT at HOME! 7-2
Top of the 2nd over - 3 runs, 4 hits, 0 errors, 0 left on base; Athletic Club KC Academy 6 - Billings 2
BOTTOM OF THE 2ND
Billings Polar Bears batting - Pitching for Athletic Club KC Academy : RHP Bob Wheelock
Batting: RHB Shalom Gestel 0-0: Ball
1-0: Swinging Strike
1-1: Ball
2-1: Ball
3-1: Foul Ball, location: 2F
3-2: Foul Ball, location: 2F
3-2: Base on Balls
Batting: SHB Roy Maynard 0-0: Fly out, F8 (Flyball, 8LS, EV 89.4 MPH)
Batting: RHB Kelly Johnson 0-0: Called Strike
0-1: Foul Ball, location: 2F
0-2: Ball
1-2: Ball
2-2: Foul Ball, location: 2F
2-2: 2-RUN HOME RUN (Flyball, 78XD, EV 93.1 MPH), Distance : 416 ft
Batting: SHB Leonardo Rodríguez 0-0: Called Strike
0-1: Foul Ball, location: 2F
0-2: Foul Ball, location: 2F
0-2: Strikes out swinging
Batting: RHB Danny Hensley 0-0: Ball
1-0: SINGLE (Line Drive, 56D, EV 107.5 MPH)
Batting: RHB Gary Panniers 0-0: Ball
1-0: SINGLE (Groundball, 6MD, EV 96.9 MPH)
Danny Hensley to second
Batting: RHB Rupert Bethune 0-0: Called Strike
0-1: Ground out 1-3 (Groundball, 13S, EV 63.1 MPH)
Bottom of the 2nd over - 2 runs, 3 hits, 0 errors, 2 left on base; Athletic Club KC Academy 6 - Billings 4
TOP OF THE 3RD
Athletic Club KC Academy batting - Pitching for Billings Polar Bears : RHP Allen Brown
Batting: LHB Carl Zimerman 0-0: Ball
1-0: Foul Ball, location: 2F
1-1: Ball
2-1: Fly out, F9 (Flyball, 89S, EV 85.0 MPH)
Batting: SHB Ross Evans 0-0: Called Strike
0-1: Swinging Strike
0-2: Fly out, F7 (Flyball, 7, EV 86.2 MPH)
Batting: RHB Domingo Magana 0-0: Foul Ball, location: 2F
0-1: Ball
1-1: Foul Ball, location: 2F
1-2: Foul Ball, location: 2F
1-2: SINGLE (Groundball, 56D, EV 100.0 MPH)
Batting: RHB Mike Welch 0-0: Swinging Strike
0-1: Foul Ball, location: 2F
0-2: Ball
1-2: SINGLE (Groundball, 34D, EV 94.4 MPH)
Domingo Magana to second
Runner from 2nd tries for 3rd, SAFE, throw by RF made to third
Batting: LHB Octávio Castaneda 0-0: Foul Ball, location: 2F
0-1: Ball
1-1: Ball
2-1: Ball
3-1: Called Strike
3-2: Fly out, F5 (Popup, 56, EV 62.5 MPH)
Top of the 3rd over - 0 runs, 2 hits, 0 errors, 2 left on base; Athletic Club KC Academy 6 - Billings 4
BOTTOM OF THE 3RD
Billings Polar Bears batting - Pitching for Athletic Club KC Academy : RHP Bob Wheelock
Batting: RHB Jose Reginalde 0-0: Ball
1-0: Called Strike
1-1: Ball
2-1: Ball
3-1: SINGLE (Flyball, 8LS, EV 96.2 MPH)
Batting: LHB Stanley Bell 0-0: Swinging Strike
0-1: Ball
1-1: Grounds into double play, 4-6-3 (Groundball, 4, EV 86.2 MPH)
Batting: RHB Shalom Gestel 0-0: Ball
1-0: Called Strike
1-1: Ground out 5-3 (Groundball, 56, EV 110.0 MPH)
Bottom of the 3rd over - 0 runs, 1 hit, 0 errors, 0 left on base; Athletic Club KC Academy 6 - Billings 4
TOP OF THE 4TH
Athletic Club KC Academy batting - Pitching for Billings Polar Bears : RHP Allen Brown
Batting: RHB Daniel Hannaford 0-0: Ball
1-0: Foul Ball, location: 2F
1-1: Ball
2-1: Fly out, F7 (Flyball, 7S, EV 85.0 MPH)
Batting: SHB Tosya Mndoyants 0-0: Ball
1-0: Ball
2-0: Ball
3-0: Base on Balls
Batting: RHB Neal Lewis 0-0: Grounds into double play, 5-4-3 (Groundball, 56, EV 83.8 MPH)
Top of the 4th over - 0 runs, 0 hits, 0 errors, 0 left on base; Athletic Club KC Academy 6 - Billings 4
BOTTOM OF THE 4TH
Billings Polar Bears batting - Pitching for Athletic Club KC Academy : RHP Bob Wheelock
Batting: SHB Roy Maynard 0-0: Swinging Strike
0-1: Called Strike
0-2: Ball
1-2: Strikes out swinging
Batting: RHB Kelly Johnson 0-0: Called Strike
0-1: Ball
1-1: Called Strike
1-2: Fly out, F3 (Popup, 23F, EV 82.5 MPH)
Batting: SHB Leonardo Rodríguez 0-0: Ball
1-0: Ball
2-0: Foul Ball, location: 2F
2-1: Ball
3-1: Foul Ball, location: 2F
3-2: Ground out 4-3 (Groundball, 4, EV 108.8 MPH)
Bottom of the 4th over - 0 runs, 0 hits, 0 errors, 0 left on base; Athletic Club KC Academy 6 - Billings 4
TOP OF THE 5TH
Athletic Club KC Academy batting - Pitching for Billings Polar Bears : RHP Allen Brown
Batting: RHB Tim Hendricks 0-0: Ball
1-0: Called Strike
1-1: Ball
2-1: Ball
3-1: Ground out 6-3 (Groundball, 6, EV 89.4 MPH)
Batting: LHB Carl Zimerman 0-0: Swinging Strike
0-1: Called Strike
0-2: Ball
1-2: Strikes out looking
Batting: SHB Ross Evans 0-0: SOLO HOME RUN (Line Drive, 89XD, EV 103.8 MPH), Distance : 416 ft
Pitching: RHP Marty Brooks
Batting: RHB Domingo Magana 0-0: Called Strike
0-1: Ground out 1-3 (Groundball, 34S, EV 83.1 MPH)
Top of the 5th over - 1 run, 1 hit, 0 errors, 0 left on base; Athletic Club KC Academy 7 - Billings 4
BOTTOM OF THE 5TH
Billings Polar Bears batting - Pitching for Athletic Club KC Academy : RHP Bob Wheelock
Batting: RHB Danny Hensley 0-0: Swinging Strike
0-1: Ball
1-1: Ball
2-1: Foul Ball, location: 2F
2-2: Ground out 6-3 (Groundball, 6, EV 90.6 MPH)
Batting: RHB Gary Panniers 0-0: Swinging Strike
0-1: Ball
1-1: Foul Ball, location: 2F
1-2: Foul Ball, location: 2F
1-2: Ball
2-2: Foul Ball, location: 2F
2-2: SINGLE (Groundball, 4M, EV 83.8 MPH) (infield hit)
Batting: RHB Rupert Bethune 0-0: Ball
1-0: SINGLE (Groundball, 6MD, EV 98.1 MPH)
Gary Panniers to second
Runner from 2nd tries for 3rd, SAFE, throw by CF made to third
Batting: RHB Jose Reginalde 0-0: Ball
1-0: Ball
2-0: Called Strike
2-1: Swinging Strike
2-2: Foul Ball, location: 2F
2-2: Foul Ball, location: 2F
2-2: Strikes out swinging
Pitching: RHP Pierre Vannier
Batting: LHB Stanley Bell 0-0: Ball
1-0: Foul Ball, location: 2F
1-1: Swinging Strike
1-2: Strikes out swinging
Bottom of the 5th over - 0 runs, 2 hits, 0 errors, 2 left on base; Athletic Club KC Academy 7 - Billings 4
TOP OF THE 6TH
Athletic Club KC Academy batting - Pitching for Billings Polar Bears : RHP Marty Brooks
Batting: RHB Mike Welch 0-0: Called Strike
0-1: Ground out U3 (Groundball, 34, EV 105.6 MPH)
Batting: LHB Octávio Castaneda 0-0: Ball
1-0: Hit by Pitch
Batting: RHB Daniel Hannaford 0-0: Ball
1-0: Ball
2-0: Fielders Choice at 2nd, 6-4 (Groundball, 6, EV 83.8 MPH)
Batting: SHB Tosya Mndoyants 0-0: Called Strike
0-1: Ball
Daniel Hannaford is caught stealing 2nd base 2-6
Top of the 6th over - 0 runs, 0 hits, 0 errors, 0 left on base; Athletic Club KC Academy 7 - Billings 4
BOTTOM OF THE 6TH
Billings Polar Bears batting - Pitching for Athletic Club KC Academy : RHP Pierre Vannier
Batting: RHB Shalom Gestel 0-0: Ball
1-0: Called Strike
1-1: Ground out 2-3 (Groundball, 2L, EV 70.0 MPH)
Batting: SHB Roy Maynard 0-0: Ball
1-0: Ball
2-0: Called Strike
2-1: Ball
3-1: Swinging Strike
3-2: SINGLE (Groundball, P, EV 62.5 MPH) (infield hit)
Batting: RHB Kelly Johnson 0-0: Ball
1-0: Ball
2-0: Ball
3-0: Called Strike
3-1: Foul Ball, location: 2F
3-2: Foul Ball, location: 2F
3-2: Fly out, F9 (Flyball, 9, EV 86.2 MPH)
Batting: SHB Leonardo Rodríguez 0-0: Ground out 4-3 (Groundball, 4, EV 98.8 MPH)
Bottom of the 6th over - 0 runs, 1 hit, 0 errors, 1 left on base; Athletic Club KC Academy 7 - Billings 4
TOP OF THE 7TH
Athletic Club KC Academy batting - Pitching for Billings Polar Bears : RHP Marty Brooks
Batting: SHB Tosya Mndoyants 0-0: Ball
1-0: Called Strike
1-1: Fly out, F8 (Line Drive, 8RM, EV 95.6 MPH)
Batting: RHB Neal Lewis 0-0: Called Strike
0-1: Called Strike
0-2: Fly out, F8 (Line Drive, 8LM, EV 96.2 MPH)
Batting: RHB Tim Hendricks 0-0: Called Strike
0-1: Ball
1-1: Swinging Strike
1-2: Strikes out swinging
Top of the 7th over - 0 runs, 0 hits, 0 errors, 0 left on base; Athletic Club KC Academy 7 - Billings 4
BOTTOM OF THE 7TH
Billings Polar Bears batting - Pitching for Athletic Club KC Academy : RHP Pierre Vannier
Batting: RHB Danny Hensley 0-0: Ball
1-0: SINGLE (Groundball, 56, EV 100.6 MPH) (infield hit)
Batting: RHB Gary Panniers 0-0: Ball
1-0: Fly out, F7 (Line Drive, 7D, EV 85.6 MPH)
Batting: RHB Rupert Bethune 0-0: Ball
Danny Hensley is caught stealing 2nd base 2-4
1-0: Ground out U3 (Groundball, 3, EV 78.8 MPH)
Bottom of the 7th over - 0 runs, 1 hit, 0 errors, 0 left on base; Athletic Club KC Academy 7 - Billings 4
TOP OF THE 8TH
Athletic Club KC Academy batting - Pitching for Billings Polar Bears : RHP Marty Brooks
Batting: LHB Carl Zimerman 0-0: Ball
1-0: Fly out, F7 (Line Drive, 78M, EV 109.4 MPH)
Batting: SHB Ross Evans 0-0: Ball
1-0: Called Strike
1-1: Ball
2-1: Ball
3-1: Swinging Strike
3-2: Foul Ball, location: 2F
3-2: Foul Ball, location: 2F
3-2: Base on Balls
Pitching: RHP António Gallegos
Batting: RHB Domingo Magana 0-0: Ball
1-0: Called Strike
1-1: Ball
2-1: Swinging Strike
2-2: Strikes out swinging
Batting: RHB Mike Welch 0-0: Ball
1-0: Ball
2-0: Called Strike
2-1: Fly out, F9 (Line Drive, 9, EV 92.5 MPH)
Top of the 8th over - 0 runs, 0 hits, 0 errors, 1 left on base; Athletic Club KC Academy 7 - Billings 4
BOTTOM OF THE 8TH
Billings Polar Bears batting - Pitching for Athletic Club KC Academy : RHP Pierre Vannier
Pitching: LHP Jorge Guarte
Batting: RHB Jose Reginalde 0-0: Called Strike
0-1: Foul Ball, location: 2F
0-2: Foul Ball, location: 2F
0-2: Ball
1-2: Ball
2-2: Ground out 4-3 (Groundball, 4, EV 98.1 MPH)
Batting: LHB Stanley Bell 0-0: Fly out, F8 (Line Drive, 8RM, EV 105.0 MPH)
Batting: RHB Shalom Gestel 0-0: Ball
1-0: Ball
2-0: Ball
3-0: Called Strike
3-1: Called Strike
3-2: SINGLE (Line Drive, 8LM, EV 99.4 MPH)
Batting: SHB Roy Maynard 0-0: Called Strike
0-1: Swinging Strike
0-2: Ball
1-2: Strikes out swinging
Bottom of the 8th over - 0 runs, 1 hit, 0 errors, 1 left on base; Athletic Club KC Academy 7 - Billings 4
TOP OF THE 9TH
Athletic Club KC Academy batting - Pitching for Billings Polar Bears : RHP António Gallegos
Batting: LHB Octávio Castaneda 0-0: Ball
1-0: Called Strike
1-1: Fly out, F8 (Line Drive, 8LD, EV 101.9 MPH)
Batting: RHB Daniel Hannaford 0-0: Called Strike
0-1: Ball
1-1: Foul Ball, location: 2F
1-2: Strikes out swinging
Batting: SHB Tosya Mndoyants 0-0: Ball
1-0: Ball
2-0: TRIPLE (Flyball, 78XD, EV 87.5 MPH)
Batting: RHB Neal Lewis 0-0: Swinging Strike
0-1: Foul Ball, location: 2F
0-2: Ball
1-2: Fly out, F8 (Flyball, 8LS, EV 95.6 MPH)
Top of the 9th over - 0 runs, 1 hit, 0 errors, 1 left on base; Athletic Club KC Academy 7 - Billings 4
BOTTOM OF THE 9TH
Billings Polar Bears batting - Pitching for Athletic Club KC Academy : LHP Jorge Guarte
Batting: RHB Kelly Johnson 0-0: Ball
1-0: Swinging Strike
1-1: Foul Ball, location: 2F
1-2: Ball
2-2: Fly out, F9 (Flyball, 9, EV 75.6 MPH)
Batting: SHB Leonardo Rodríguez 0-0: Swinging Strike
0-1: Ball
1-1: Foul Ball, location: 2F
1-2: Foul Ball, location: 2F
1-2: Fly out, F8 (Line Drive, 8RD, EV 86.2 MPH)
Batting: RHB Danny Hensley 0-0: Ball
1-0: Swinging Strike
1-1: Ground out 5-3 (Groundball, 56, EV 94.4 MPH)
Bottom of the 9th over - 0 runs, 0 hits, 0 errors, 0 left on base; Athletic Club KC Academy 7 - Billings 4
Friday, March 26th, 2021 - OOTP Baseball 20.8 Build 74